HSSL
JOHN JAY HS PATRIOTS @ MOUNTAIN POINTE HS
05/02/2023
 
TOP OF THE 1ST
John Jay HS Patriots batting - Pitching for Mountain Pointe HS : RHP Clancy Steele
Pitching: RHP Clancy Steele
Batting: RHB Larry Whitaker 0-0: Ball
1-0: Ball
2-0: Ball
3-0: Base on Balls
Batting: RHB Fernando Pérez 0-0: Ball
1-0: Called Strike
1-1: Foul Ball, location: 2F
1-2: Ball
2-2: Foul Ball, location: 2F
2-2: Strikes out swinging
Batting: RHB Micheal Banks 0-0: Ball
1-0: SINGLE (Line Drive, 78S)
Larry Whitaker to second
Batting: SHB Barrett Bowden 0-0: Called Strike
0-1: Ball
1-1: Ball
2-1: Foul Ball, location: 2F
2-2: Ball
3-2: Strikes out swinging
Batting: RHB John Lynch 0-0: Foul Ball, location: 2F
0-1: Ball
1-1: Swinging Strike
1-2: Fly out, F9 (Line Drive, 9M)
Top of the 1st over - 0 run(s), 1 hit(s), 0 error(s), 2 left on base; John Jay HS 0 - Mountain Pointe HS 0
BOTTOM OF THE 1ST
Mountain Pointe HS batting - Pitching for John Jay HS Patriots : RHP Rafael Zarate
Pitching: RHP Rafael Zarate
Batting: RHB Doug Hunt 0-0: SINGLE (Flyball, 3D)
Batting: RHB John Howell 0-0: Ball
Doug Hunt steals 2nd base
1-0: Ball
2-0: Swinging Strike
2-1: Ball
3-1: Foul Ball, location: 2F
3-2: Foul Ball, location: 2F
3-2: Foul Ball, location: 2F
3-2: Fly out, F5 (Line Drive, 5)
Batting: RHB Monty Crawford 0-0: Ball
1-0: Ball
2-0: Ball
3-0: Base on Balls
Batting: RHB Roberto Pérez 0-0: Ball
1-0: Foul Ball, location: 2F
1-1: Foul Ball, location: 2F
1-2: Strikes out swinging
Batting: LHB Brian Turner 0-0: Swinging Strike
0-1: Ball
1-1: Foul Ball, location: 2F
1-2: Ball
2-2: Foul Ball, location: 2F
2-2: Ball
3-2: Fly out, F7 (Flyball, 8LM)
Bottom of the 1st over - 0 run(s), 1 hit(s), 0 error(s), 2 left on base; John Jay HS 0 - Mountain Pointe HS 0
TOP OF THE 2ND
John Jay HS Patriots batting - Pitching for Mountain Pointe HS : RHP Clancy Steele
Batting: SHB Theodore Cook 0-0: Ball
1-0: Fly out, F9 (Line Drive, 9M)
Batting: RHB Henry Catron 0-0: Foul Ball, location: 2F
0-1: Foul Ball, location: 2F
0-2: Ball
1-2: Foul Ball, location: 2F
1-2: Strikes out swinging
Batting: RHB Robert Porter 0-0: Called Strike
0-1: Called Strike
0-2: Fly out, F6 (Popup, 6D)
Top of the 2nd over - 0 run(s), 0 hit(s), 0 error(s), 0 left on base; John Jay HS 0 - Mountain Pointe HS 0
BOTTOM OF THE 2ND
Mountain Pointe HS batting - Pitching for John Jay HS Patriots : RHP Rafael Zarate
Batting: RHB Francisco Medina 0-0: Fly out, F9 (Flyball, 9S)
Batting: LHB Chris Smith 0-0: Foul Ball, location: 2F
0-1: Fly out, F6 (Line Drive, 6)
Batting: RHB Ted Williamson 0-0: Called Strike
0-1: Swinging Strike
0-2: Strikes out looking
Bottom of the 2nd over - 0 run(s), 0 hit(s), 0 error(s), 0 left on base; John Jay HS 0 - Mountain Pointe HS 0
TOP OF THE 3RD
John Jay HS Patriots batting - Pitching for Mountain Pointe HS : RHP Clancy Steele
Batting: LHB Tim Griffith 0-0: Ball
1-0: Fly out, F6 (Popup, 5D)
Batting: RHB Larry Whitaker 0-0: Foul Ball, location: 2F
0-1: Foul Ball, location: 2F
0-2: Ball
1-2: Ball
2-2: Fly out, F9 (Flyball, 9S)
Batting: RHB Fernando Pérez 0-0: Ball
1-0: Ball
2-0: Swinging Strike
2-1: Foul Ball, location: 2F
2-2: Ball
3-2: Strikes out swinging
Top of the 3rd over - 0 run(s), 0 hit(s), 0 error(s), 0 left on base; John Jay HS 0 - Mountain Pointe HS 0
BOTTOM OF THE 3RD
Mountain Pointe HS batting - Pitching for John Jay HS Patriots : RHP Rafael Zarate
Batting: RHB Arnold Flint 0-0: Called Strike
0-1: Swinging Strike
0-2: Ball
1-2: Ball
2-2: Foul Ball, location: 2F
2-2: SINGLE (Line Drive, 89S)
Batting: RHB Doug Hunt 0-0: Called Strike
0-1: Foul Ball, location: 2F
0-2: Strikes out swinging
Batting: RHB John Howell 0-0: Fly out, F8 (Flyball, 8RXD)
Batting: RHB Monty Crawford 0-0: SINGLE (Groundball, 15S) (infield hit)
Arnold Flint to second
Batting: RHB Roberto Pérez 0-0: SINGLE (Groundball, 25) (infield hit)
Arnold Flint to third
Monty Crawford to second
Batting: LHB Brian Turner 0-0: Fly out, F8 (Line Drive, 8RM)
Bottom of the 3rd over - 0 run(s), 3 hit(s), 0 error(s), 3 left on base; John Jay HS 0 - Mountain Pointe HS 0
TOP OF THE 4TH
John Jay HS Patriots batting - Pitching for Mountain Pointe HS : RHP Clancy Steele
Batting: RHB Micheal Banks 0-0: Fly out, F9 (Flyball, 9S)
Batting: SHB Barrett Bowden 0-0: Ball
1-0: DOUBLE (Flyball, 7LM)
Batting: RHB John Lynch 0-0: Called Strike
0-1: Ball
1-1: Foul Ball, location: 2F
1-2: Strikes out looking
Batting: SHB Theodore Cook 0-0: Ball
1-0: Ball
2-0: Swinging Strike
2-1: Foul Ball, location: 2F
2-2: Foul Ball, location: 2F
2-2: Ball
3-2: Strikes out swinging
Top of the 4th over - 0 run(s), 1 hit(s), 0 error(s), 1 left on base; John Jay HS 0 - Mountain Pointe HS 0
BOTTOM OF THE 4TH
Mountain Pointe HS batting - Pitching for John Jay HS Patriots : RHP Rafael Zarate
Batting: RHB Francisco Medina 0-0: Ball
1-0: Ground out 1-3 (Groundball, 23)
Batting: LHB Chris Smith 0-0: Swinging Strike
0-1: Ball
1-1: Foul Ball, location: 2F
1-2: SINGLE (Groundball, 34D)
Batting: RHB Ted Williamson 0-0: Called Strike
0-1: Ball
1-1: Ball
2-1: Called Strike
2-2: Ball
3-2: SINGLE (Line Drive, 7S)
Chris Smith to second
Batting: RHB Arnold Flint 0-0: Fly out, F7 (Flyball, 78M)
Batting: RHB Doug Hunt 0-0: Ball
1-0: Called Strike
1-1: SINGLE (Line Drive, 34)
Chris Smith to third
Ted Williamson to second
Batting: RHB John Howell 0-0: Ball
1-0: Ball
2-0: Ball
3-0: Base on Balls
Chris Smith scores
Ted Williamson to third
Doug Hunt to second
Batting: RHB Monty Crawford 0-0: Ball
1-0: Ball
2-0: Ball
3-0: Base on Balls
Ted Williamson scores
Doug Hunt to third
John Howell to second
Batting: RHB Roberto Pérez 0-0: Ball
1-0: Ball
2-0: Called Strike
2-1: Foul Ball, location: 2F
2-2: Foul Ball, location: 2F
2-2: SINGLE (Flyball, 9M)
Doug Hunt scores
John Howell to third
Monty Crawford to second
Runner from 3rd tries for Home, throw and OUT!
Bottom of the 4th over - 3 run(s), 4 hit(s), 0 error(s), 2 left on base; John Jay HS 0 - Mountain Pointe HS 3
TOP OF THE 5TH
John Jay HS Patriots batting - Pitching for Mountain Pointe HS : RHP Clancy Steele
Batting: RHB Henry Catron 0-0: Called Strike
0-1: Swinging Strike
0-2: Strikes out swinging
Batting: RHB Robert Porter 0-0: Ball
1-0: SINGLE (Flyball, 89S)
Batting: LHB Tim Griffith 0-0: Ball
Robert Porter is caught stealing 2nd base
1-0: Foul Ball, location: 2F
1-1: Fly out, F6 (Line Drive, 6)
Top of the 5th over - 0 run(s), 1 hit(s), 0 error(s), 0 left on base; John Jay HS 0 - Mountain Pointe HS 3
BOTTOM OF THE 5TH
Mountain Pointe HS batting - Pitching for John Jay HS Patriots : RHP Rafael Zarate
Batting: LHB Brian Turner 0-0: Ball
1-0: Ball
2-0: Foul Ball, location: 2F
2-1: Foul Ball, location: 2F
2-2: Foul Ball, location: 2F
2-2: Foul Ball, location: 2F
2-2: Ball
3-2: Base on Balls
Pitching: RHP Melvin Baker
Batting: RHB Francisco Medina 0-0: Foul Ball, location: 2F
0-1: Ball
1-1: Ball
2-1: DOUBLE (Line Drive, 89XD)
Brian Turner to third
Runner from 3rd tries for Home, SAFE, no throw or cutoff
Batting: LHB Chris Smith 0-0: Ball
1-0: Ball
2-0: Called Strike
2-1: Foul Ball, location: 2F
2-2: Foul Ball, location: 2F
2-2: Strikes out swinging
Batting: RHB Ted Williamson 0-0: Called Strike
0-1: Ball
1-1: Ball
2-1: Fly out, F8 (Flyball, 8RM)
Batting: RHB Arnold Flint 0-0: Swinging Strike
0-1: Ball
1-1: SINGLE (Groundball, 5D)
Francisco Medina to third
Runner from 3rd tries for Home, SAFE, no throw or cutoff
Batting: RHB Doug Hunt 0-0: Swinging Strike
0-1: Ball
1-1: Ball
2-1: Called Strike
2-2: Fly out, F7 (Flyball, 7M)
Bottom of the 5th over - 2 run(s), 2 hit(s), 0 error(s), 1 left on base; John Jay HS 0 - Mountain Pointe HS 5
TOP OF THE 6TH
John Jay HS Patriots batting - Pitching for Mountain Pointe HS : RHP Clancy Steele
Batting: RHB Larry Whitaker 0-0: Ball
1-0: Ball
2-0: Called Strike
2-1: Foul Ball, location: 2F
2-2: Foul Ball, location: 2F
2-2: Ball
3-2: Base on Balls
Batting: RHB Fernando Pérez 0-0: Called Strike
0-1: Ball
1-1: Ball
2-1: Foul Ball, location: 2F
2-2: Ball
3-2: Fly out, F9 (Line Drive, 9M)
Pitching: LHP Kel Pitts
Batting: RHB Micheal Banks 0-0: Called Strike
0-1: Foul Ball, location: 2F
0-2: Ball
1-2: Grounds into double play, 5-4-3 (Groundball, 5)
Top of the 6th over - 0 run(s), 0 hit(s), 0 error(s), 0 left on base; John Jay HS 0 - Mountain Pointe HS 5
BOTTOM OF THE 6TH
Mountain Pointe HS batting - Pitching for John Jay HS Patriots : RHP Melvin Baker
Batting: RHB John Howell 0-0: Fly out, F3 (Popup, 3)
Batting: RHB Monty Crawford 0-0: Ball
1-0: Foul Ball, location: 2F
1-1: Foul Ball, location: 2F
1-2: SINGLE (Groundball, 56D)
Batting: RHB Roberto Pérez 0-0: Ball
1-0: Called Strike
1-1: Foul Ball, location: 2F
1-2: Ball
2-2: Ball
3-2: Foul Ball, location: 2F
3-2: Base on Balls
Monty Crawford to second
Batting: LHB Brian Turner 0-0: Ball
1-0: Foul Ball, location: 2F
1-1: Called Strike
1-2: Strikes out swinging
Batting: RHB Francisco Medina 0-0: Ball
1-0: Swinging Strike
1-1: Foul Ball, location: 2F
1-2: Strikes out swinging
Bottom of the 6th over - 0 run(s), 1 hit(s), 0 error(s), 2 left on base; John Jay HS 0 - Mountain Pointe HS 5
TOP OF THE 7TH
John Jay HS Patriots batting - Pitching for Mountain Pointe HS : LHP Kel Pitts
Batting: SHB Barrett Bowden 0-0: Called Strike
0-1: Ball
1-1: Called Strike
1-2: Foul Ball, location: 2F
1-2: Strikes out swinging
Batting: RHB John Lynch 0-0: Ball
1-0: Called Strike
1-1: Called Strike
1-2: Foul Ball, location: 2F
1-2: Strikes out swinging
Batting: SHB Theodore Cook 0-0: Called Strike
0-1: Foul Ball, location: 2F
0-2: Strikes out swinging
Top of the 7th over - 0 run(s), 0 hit(s), 0 error(s), 0 left on base; John Jay HS 0 - Mountain Pointe HS 5
BOTTOM OF THE 7TH
Mountain Pointe HS batting - Pitching for John Jay HS Patriots : RHP Melvin Baker
Pitching: RHP Javier Carrillo
Batting: LHB Chris Smith 0-0: Foul Ball, location: 2F
0-1: Ball
1-1: Ball
2-1: Ball
3-1: Base on Balls
Batting: RHB Ted Williamson 0-0: Called Strike
0-1: Ball
1-1: Ball
2-1: 2-RUN HOME RUN (Flyball, 7LD), Distance : 363 ft
Batting: RHB Arnold Flint 0-0: Ball
1-0: Ball
2-0: Foul Ball, location: 2F
2-1: Ball
3-1: Called Strike
3-2: Strikes out looking
Batting: RHB Doug Hunt 0-0: Ball
1-0: DOUBLE (Line Drive, 7LS)
Batting: RHB John Howell 0-0: Called Strike
0-1: Fly out, F3 (Popup, 23F)
Batting: RHB Monty Crawford 0-0: Ball
1-0: SINGLE (Line Drive, 8LS)
Doug Hunt to third
Throwing error, E8
Doug Hunt scores
Monty Crawford to second
Batting: RHB Roberto Pérez 0-0: Ball
1-0: Called Strike
1-1: Ball
2-1: Ball
3-1: Base on Balls
Batting: LHB Brian Turner 0-0: DOUBLE (Flyball, 89M)
Monty Crawford scores
Roberto Pérez to third
Runner from 3rd tries for Home, SAFE, no throw or cutoff
Pitching: LHP Robbie Troxler
Batting: RHB Francisco Medina 0-0: Swinging Strike
0-1: Ball
1-1: Ball
2-1: Ball
3-1: Swinging Strike
3-2: Foul Ball, location: 2F
3-2: Foul Ball, location: 2F
3-2: Strikes out swinging
Bottom of the 7th over - 5 run(s), 4 hit(s), 1 error(s), 1 left on base; John Jay HS 0 - Mountain Pointe HS 10
TOP OF THE 8TH
John Jay HS Patriots batting - Pitching for Mountain Pointe HS : LHP Kel Pitts
Batting: RHB Henry Catron 0-0: Ball
1-0: SINGLE (Groundball, 56D)
Batting: RHB Robert Porter 0-0: Ball
1-0: Called Strike
1-1: Called Strike
1-2: Ball
2-2: Strikes out swinging
Batting: LHB Tim Griffith 0-0: Ball
1-0: Foul Ball, location: 2F
1-1: Foul Ball, location: 2F
1-2: Foul Ball, location: 2F
Error on foul ball, E2
1-2: Ball
2-2: Fly out, F5 (Popup, 25F)
Batting: RHB Larry Whitaker 0-0: Ball
1-0: Ball
2-0: Ball
3-0: Called Strike
3-1: Base on Balls
Henry Catron to second
Batting: RHB Fernando Pérez 0-0: Ball
1-0: Called Strike
1-1: Foul Ball, location: 2F
1-2: Ball
2-2: Strikes out swinging
Top of the 8th over - 0 run(s), 1 hit(s), 1 error(s), 2 left on base; John Jay HS 0 - Mountain Pointe HS 10
BOTTOM OF THE 8TH
Mountain Pointe HS batting - Pitching for John Jay HS Patriots : LHP Robbie Troxler
Pinch Hitting: RHB Jon Newsome 0-0: Called Strike
0-1: Called Strike
0-2: Foul Ball, location: 2F
0-2: SINGLE (Line Drive, 8RS)
Batting: RHB Ted Williamson 0-0: Ball
1-0: Foul Ball, location: 2F
1-1: Called Strike
1-2: Ball
2-2: Strikes out swinging
Batting: RHB Arnold Flint 0-0: Swinging Strike
0-1: Called Strike
0-2: Strikes out swinging
Batting: RHB Doug Hunt 0-0: Ball
1-0: Foul Ball, location: 2F
1-1: Called Strike
1-2: Strikes out swinging
Bottom of the 8th over - 0 run(s), 1 hit(s), 0 error(s), 1 left on base; John Jay HS 0 - Mountain Pointe HS 10
TOP OF THE 9TH
John Jay HS Patriots batting - Pitching for Mountain Pointe HS : LHP Kel Pitts
Now at 2B: Scott Dixon
Batting: RHB Micheal Banks 0-0: Ball
1-0: Ball
2-0: Foul Ball, location: 2F
2-1: SOLO HOME RUN (Flyball, 89XD), Distance : 431 ft
Batting: SHB Barrett Bowden 0-0: Ball
1-0: Ball
2-0: Called Strike
2-1: Fly out, F5 (Popup, 25F)
Batting: RHB John Lynch 0-0: Foul Ball, location: 2F
0-1: Ball
1-1: Called Strike
1-2: Ball
2-2: Fly out, F8 (Flyball, 8LM)
Batting: SHB Theodore Cook 0-0: Ball
1-0: Ball
2-0: Ball
3-0: Called Strike
3-1: Called Strike
3-2: Strikes out swinging
Top of the 9th over - 1 run(s), 1 hit(s), 0 error(s), 0 left on base; John Jay HS 1 - Mountain Pointe HS 10
This league is powered by Out of the Park Baseball, the baseball management simulation game for PC, Mac and Linux
Wednesday, December 2nd, 2015 - OOTP Baseball 16.8 Build 38